 Dungeon Crawl Stone Soup version 0.26.0-45-g9c1d065592 (webtiles) character file.

Game seed: 10916493326155467282

26378 kaeus the Thaumaturge (level 13, -1/147 HPs)
             Began as a Gnoll Venom Mage on Jan 30, 2021.
             Was a Believer of Ashenzari.
             Slain by a 12-headed hydra (4 damage)
             ... on level 12 of the Dungeon.
             The game lasted 00:45:25 (21284 turns).

kaeus the Thaumaturge (Gnoll Venom Mage)           Turns: 21284, Time: 00:45:26

Health: -1/147     AC: 33    Str: 13    XL:     13   Next: 25%
Magic:  0/26       EV:  2    Int: 22    God:    Ashenzari [**....]
Gold:   1140       SH: 13    Dex: 19    Spells: 5/31 levels left

rFire    + + .     SeeInvis +   L - +3 war axe of Watchfulness {protect, rC+ Str+3} (curse)
rCold    + + +     Faith    .   A - +2 shield of Resistance {rF++ rC++ Will++} (curse)
rNeg     + + +     Spirit   +   (armour currently unavailable)
rPois    +         Reflect  .   (helmet currently unavailable)
rElec    .         Harm     .   (cloak currently unavailable)
rCorr    .         Rampage  .   (gloves currently unavailable)
Will     ++...     NoTele   +   (boots currently unavailable)
Stlth    ++++++....             t - amulet "Iwap" {Spirit *Contam rC++ Dex+2 SInv} (curse)
HPRegen  0.34/turn              z - ring of positive energy
MPRegen  0.20/turn              C - ring of stealth

@: tree-form, protection aura, hasted, very quick
A: distributed training, strong nose
a: Renounce Religion, Curse Item, Scrying


You were on level 12 of the Dungeon.
You worshipped Ashenzari.
Ashenzari was pleased with you.
You were a tree.
You visited 4 branches of the dungeon, and saw 16 of its levels.
You also visited: Bailey.

You collected 2049 gold pieces.
You spent 909 gold pieces at shops.

Inventory:

Hand Weapons
 B - the +6 falchion "Bieniteo" {vorpal, +Rage}
   (You found it on level 5 of the Dungeon)

   It inflicts extra damage upon your enemies.
   It lets you go berserk.
 L - the cursed +3 war axe of Watchfulness (weapon) {protect, rC+ Str+3}
   (You bought it in a shop on level 2 of the Orcish Mines)

   It grants its wielder temporary protection when it strikes (+7 to AC).
   It affects your strength (+3).
   It protects you from cold.
   It has a curse placed upon it.
Armour
 s - a +2 cloak (melded)
 A - the cursed +2 shield of Resistance (worn) {rF++ rC++ Will++}
   (You found it on level 5 of the Dungeon)

   It greatly protects you from fire.
   It greatly protects you from cold.
   It affects your willpower, your defense against some magical effects.
   It has a curse placed upon it.
 I - the cursed +4 robe of Augmentation (melded) {Str+4 Int+4 Dex+4}
   (You bought it in a shop on level 2 of the Orcish Mines)

   It affects your strength (+4).
   It affects your intelligence (+4).
   It affects your dexterity (+4).
   It has a curse placed upon it.
 J - the cursed +1 pair of boots of the Black Moon (melded) {rPois rF+ Will- Int+5}
   (You acquired it on level 11 of the Dungeon)

   It affects your intelligence (+5).
   It protects you from fire.
   It protects you from poison.
   It affects your willpower, your defense against some magical effects.
   It has a curse placed upon it.
 N - a cursed +1 pair of gloves (melded)
Magical Staves
 q - an uncursed staff of fire
Jewellery
 b - an uncursed amulet of reflection
 o - an uncursed amulet of regeneration
 t - the cursed amulet "Iwap" (around neck) {Spirit *Contam rC++ Dex+2 SInv}
   (You acquired it on level 11 of the Dungeon)

   [amulet of guardian spirit]

   It causes incoming damage to be split between your health and magic.
   It affects your dexterity (+2).
   It greatly protects you from cold.
   It lets you see invisible.
   It causes magical contamination when unequipped.
   It has a curse placed upon it.
 z - a ring of positive energy (left branch)
 C - a ring of stealth (right branch)
 K - an uncursed ring of flight
Wands
 g - a wand of polymorph (19)
 y - a wand of flame (21)
 D - a wand of iceblast (14)
 M - a wand of digging (6)
 P - a wand of acid (9)
Scrolls
 d - 3 scrolls of remove curse
 j - 6 scrolls of teleportation
 l - 10 scrolls of enchant weapon
 m - 2 scrolls of fog
 n - 2 scrolls of magic mapping
 r - 3 scrolls of identify
 w - 7 scrolls of amnesia
 H - a scroll of summoning
 O - a scroll of immolation {unknown}
Potions
 a - 2 potions of might {unknown}
 e - 2 potions of lignification
 f - 3 potions of magic
 i - 6 potions of curing
 k - a potion of haste
 p - a potion of resistance
 u - a potion of attraction
 v - a potion of invisibility
 x - a potion of brilliance
 E - a potion of mutation {unknown}
Miscellaneous
 G - a phial of floods


   Skills:
 + Level 8.1 Fighting
 + Level 8.1 Short Blades
 + Level 8.1 Long Blades
 + Level 8.1(10.4) Axes
 + Level 8.1 Maces & Flails
 + Level 8.1 Polearms
 + Level 8.1 Staves
 + Level 8.1 Slings
 + Level 8.1 Bows
 + Level 8.1 Crossbows
 + Level 8.1 Throwing
 + Level 8.1 Armour
 + Level 9.4(10.7) Dodging
 + Level 9.2(10.6) Stealth
 + Level 8.1(9.6) Shields
 + Level 8.1 Unarmed Combat
 + Level 9.6 Spellcasting
 + Level 6.7 Conjurations
 + Level 6.7 Hexes
 + Level 6.7 Summonings
 + Level 6.7 Necromancy
 + Level 6.7 Translocations
 + Level 7.1 Transmutations
 + Level 6.7 Fire Magic
 + Level 6.7 Ice Magic
 + Level 6.7 Air Magic
 + Level 6.7 Earth Magic
 + Level 8.8 Poison Magic
 + Level 8.9 Invocations
 + Level 8.1 Evocations


You had 5 spell levels left.
You knew the following spells:

 Your Spells              Type           Power        Failure   Level
a - Sting                 Tmut/Pois      100%         1%          1
b - Olgreb's Toxic Radia  Pois           49%          3%          4
c - Ignite Poison         Fire/Tmut/Pois 43%          1%          3
d - Mephitic Cloud        Conj/Pois/Air  43%          1%          3
e - Pain                  Necr           100%         1%          1
f - Searing Ray           Conj           80%          1%          2
g - Fulminant Prism       Conj/Hex       20%          8%          4
h - Dazzling Flash        Conj/Hex       80%          2%          3
i - Agony                 Necr           40%          22%         5

Your spell library contained the following spells:

 Spells                   Type           Power        Failure   Level
 Animate Skeleton         Necr           80%          1%          1
 Magic Dart               Conj           100%         1%          1
 Sandblast                Erth           80%          1%          1
 Poisonous Vapours        Pois/Air       88%          1%          2
 Confusing Touch          Hex            40%          2%          3
 Gell's Gravitas          Tloc           20%          2%          3
 Vampiric Draining        Necr           20%          2%          3
 Petrify                  Tmut/Erth      41%          7%          4
 Animate Dead             Necr           20%          8%          4
 Iskenderun's Mystic Bla  Conj/Tloc      40%          8%          4
 Yara's Violent Unravell  Hex/Tmut       20%          21%         5
 Metabolic Englaciation   Hex/Ice        20%          22%         5


Dungeon Overview and Level Annotations

Branches:
Dungeon (12/15)            Temple (1/1) D:7            Lair (1/6) D:10
    Orc (2/2) D:9             Elf (0/3) Orc:2        Bailey (visited)

Altars:
Ashenzari
Cheibriados
Dithmenos
Elyvilon
Fedhas
Gozag
Hepliaklqana
Kikubaaqudgha
Makhleb
Nemelex Xobeh
Okawaru
Qazlal
Ru
Sif Muna
Trog
Uskayaw
Vehumet
Wu Jian
Xom
Yredelemnul
Zin
The Shining One
Beogh

Shops:
Orc:1 [   Orc:2 [***

Annotations:
D:4 3 runed translucent doors, hatsuma's ghost, novice DsAK


Innate Abilities, Weirdness & Mutations

Your experience applies equally to all skills.
((You have very sharp teeth.))
Your uncanny sense of smell can sniff out nearby items.


Message History

The 11-headed hydra bites you but does no damage.
You block the 11-headed hydra's attack.
The 11-headed hydra bites you but does no damage.
You block the 11-headed hydra's attack. x3
The 11-headed hydra bites you but does no damage.
The 11-headed hydra bites you.
* * * LOW HITPOINT WARNING * * *
The 11-headed hydra bites you but does no damage. x2
The 11-headed hydra bites you.
* * * LOW HITPOINT WARNING * * *
You take 7 damage, and have 3/147 hp.
You barely miss the 11-headed hydra.
The 11-headed hydra is heavily wounded.
You chop one of the 11-headed hydra's heads off!
The ten-headed hydra grows two more!
You slash the 12-headed hydra!
Your weapon exudes an aura of protection.
The 12-headed hydra is moderately wounded.
The 12-headed hydra bites you but does no damage.
You block the 12-headed hydra's attack. x2; The 12-headed hydra bites you.
You die...

* #.......#
#.......#* * *
#.......#* , ,
,, * #.......+
, #.......#**
* ** + *
#....<..# * *
#####'###
#####...# *
#.♣...### *
#D##### * #r#
, *#.# ** ,, ,
, #..........
,
#.!..........
,
###..........*
* *
#.......... ,
, #..........
**


You could see a 12-headed hydra and a quokka (blind).

Vanquished Creatures
  A hydra (Lair:1)
  A boulder beetle (D:12)
  2 two-headed ogres (D:9)
  3 orc high priests (Orc:2)
  An ugly thing (D:12)
  4 orc sorcerers (Orc:2)
  8 orc knights
  Maurice (D:9)
  A centaur skeleton (D:11)
  2 cane toads (Lair:1)
  A rime drake (Lair:1)
  4 trolls
  3 blink frogs (Lair:1)
  5 slime creatures (D:9)
  A spriggan (Lair:1)
  15 yaks
  A wraith (D:11)
  A shadow (D:12)
  2 wargs
  4 water moccasins
  6 sky beasts
  An eye of draining (D:9)
  An ice beast (D:11)
  2 black bears
  32 orc warriors
  2 phantoms
  11 ogres
  5 wolves (Lair:1)
  4 centaurs
  2 big kobolds (D:9)
  9 bullfrogs
  A wyvern zombie (D:8)
  3 gnoll sergeants
  3 scorpions
  9 killer bees
  3 howler monkeys (D:9)
  4 wights (D:8)
  2 bullfrog zombies
  A quasit (D:11)
  5 hounds
  5 jellies
  Crazy Yiuf (D:3)
  15 orc priests
  3 bullfrog skeletons
  2 iguanas (D:4)
  6 worker ants
  17 orc wizards
  A hound skeleton (D:10)
  18 gnolls
  10 adders
  2 shadow imps
  2 white imps (D:5)
  3 ufetubi
  An ooze (D:7)
  2 adder skeletons
  3 worms
  5 leopard geckos
  106 orcs
  4 bats
  3 giant cockroaches
  5 goblins
  6 hobgoblins
  5 jackals
  8 quokkas
  2 frilled lizards
  A giant cockroach zombie (D:6)
  8 kobolds
  A leopard gecko skeleton (D:4)
  A quokka skeleton (D:5)
  7 rats
  A fulminant prism (Lair:1)
  4 toadstools (D:1)
425 creatures vanquished.

Vanquished Creatures (others)
  2 orc wizards (Orc:2)
  A fulminant prism (Lair:1)
  4 fungi (Lair:1)
  8 plants (Lair:1)
15 creatures vanquished.

Grand Total: 440 creatures vanquished

Notes
Turn   | Place    | Note
-------+----------+-------------------------------------------
     0 | D:1      | kaeus the Gnoll Venom Mage began the quest for the Orb.
     0 | D:1      | Reached XP level 1. HP: 13/13 MP: 6/6
   334 | D:1      | Reached XP level 2. HP: 19/19 MP: 4/7
   955 | D:2      | Reached skill level 5 in Spellcasting
   955 | D:2      | Reached XP level 3. HP: 17/25 MP: 7/9
  1536 | D:2      | Reached skill level 1 in Invocations
  1764 | D:3      | Found a bloodstained altar of Trog.
  1814 | D:3      | Reached skill level 1 in Fighting
  1814 | D:3      | Reached skill level 1 in Short Blades
  1814 | D:3      | Reached skill level 1 in Long Blades
  1814 | D:3      | Reached skill level 1 in Axes
  1814 | D:3      | Reached skill level 1 in Maces & Flails
  1814 | D:3      | Reached skill level 1 in Polearms
  1814 | D:3      | Reached skill level 1 in Staves
  1814 | D:3      | Reached skill level 1 in Slings
  1814 | D:3      | Reached skill level 1 in Bows
  1814 | D:3      | Reached skill level 1 in Crossbows
  1814 | D:3      | Reached skill level 1 in Throwing
  1814 | D:3      | Reached skill level 1 in Armour
  1814 | D:3      | Reached skill level 1 in Shields
  1814 | D:3      | Reached skill level 1 in Unarmed Combat
  1814 | D:3      | Reached skill level 1 in Evocations
  1852 | D:3      | Reached XP level 4. HP: 32/32 MP: 9/11
  1857 | D:3      | Learned a level 4 spell: Olgreb's Toxic Radiance
  1861 | D:3      | Learned a level 3 spell: Ignite Poison
  1865 | D:3      | Learned a level 3 spell: Mephitic Cloud
  2313 | D:3      | Found a runed translucent door.
  2389 | D:3      | Reached skill level 1 in Conjurations
  2389 | D:3      | Reached skill level 1 in Hexes
  2389 | D:3      | Reached skill level 1 in Summonings
  2389 | D:3      | Reached skill level 1 in Necromancy
  2389 | D:3      | Reached skill level 1 in Translocations
  2389 | D:3      | Reached skill level 1 in Fire Magic
  2389 | D:3      | Reached skill level 1 in Ice Magic
  2389 | D:3      | Reached skill level 1 in Air Magic
  2389 | D:3      | Reached skill level 1 in Earth Magic
  2410 | D:3      | Found an iron altar of Okawaru.
  2939 | D:3      | Noticed Crazy Yiuf
  3023 | D:3      | Killed Crazy Yiuf
  3024 | D:3      | Reached XP level 5. HP: 33/37 MP: 2/12
  3398 | D:4      | Reached XP level 6. HP: 44/44 MP: 1/13
  3696 | D:4      | Found a runed translucent gate.
  3696 | D:4      | Found a runed translucent gate.
  3697 | D:4      | Found a runed translucent gate.
  3697 | D:4      | Noticed hatsuma's ghost (novice DsAK)
  3706 | D:4      | Reached skill level 5 in Dodging
  4264 | D:4      | Found a radiant altar of Vehumet.
  4440 | D:5      | Entered Level 5 of the Dungeon
  4474 | D:5      | Found a shimmering blue altar of Sif Muna.
  4492 | D:5      | Reached XP level 7. HP: 42/50 MP: 1/15
  5185 | D:5      | Reached skill level 5 in Stealth
  5198 | D:5      | Reached XP level 8. HP: 43/57 MP: 3/16
  5625 | D:5      | Found a radiant altar of Vehumet.
  5837 | D:5      | Found the +2 shield of Resistance {rF++ rC++ Will++}
  6060 | D:5      | Got an ichor-stained falchion
  6061 | D:5      | Identified the +6 falchion "Bieniteo" {vorpal, +Rage} (You
                  | found it on level 5 of the Dungeon)
  6775 | D:6      | Found a glowing silver altar of Zin.
  6879 | D:6      | Found a hazy altar of Hepliaklqana.
  7316 | D:7      | Found a staircase to the Ecumenical Temple.
  7420 | D:7      | Reached XP level 9. HP: 63/65 MP: 15/18
  8112 | Temple   | Entered the Ecumenical Temple
  8410 | Temple   | Became a worshipper of Ashenzari the Shackled
  9255 | D:8      | Reached skill level 5 in Invocations
  9956 | D:9      | Found a flagged portal.
  9965 | Bailey   | Entered a bailey
 10184 | Bailey   | Reached XP level 10. HP: 73/73 MP: 8/20
 10366 | Bailey   | Noticed an orc knight
 10372 | Bailey   | Reached skill level 5 in Fighting
 10372 | Bailey   | Reached skill level 5 in Short Blades
 10372 | Bailey   | Reached skill level 5 in Long Blades
 10372 | Bailey   | Reached skill level 5 in Axes
 10372 | Bailey   | Reached skill level 5 in Maces & Flails
 10372 | Bailey   | Reached skill level 5 in Polearms
 10372 | Bailey   | Reached skill level 5 in Staves
 10372 | Bailey   | Reached skill level 5 in Slings
 10372 | Bailey   | Reached skill level 5 in Bows
 10372 | Bailey   | Reached skill level 5 in Crossbows
 10372 | Bailey   | Reached skill level 5 in Throwing
 10372 | Bailey   | Reached skill level 5 in Armour
 10372 | Bailey   | Reached skill level 5 in Shields
 10372 | Bailey   | Reached skill level 5 in Unarmed Combat
 10372 | Bailey   | Reached skill level 5 in Evocations
 10411 | Bailey   | Killed an orc knight
 10731 | Bailey   | Noticed an orc knight
 10751 | Bailey   | Noticed an orc knight
 10757 | Bailey   | Killed an orc knight
 10758 | Bailey   | Noticed an orc knight
 10811 | Bailey   | Killed an orc knight
 10812 | Bailey   | Reached skill level 5 in Transmutations
 10889 | Bailey   | Killed an orc knight
 11069 | Bailey   | Identified 2 scrolls of acquirement
 11328 | D:9      | Found a hide-covered altar of Uskayaw.
 11400 | D:9      | Noticed Maurice
 11408 | D:9      | Killed Maurice
 11611 | D:9      | Noticed a two-headed ogre
 11619 | D:9      | Killed a two-headed ogre
 11620 | D:9      | Reached XP level 11. HP: 81/81 MP: 3/22
 11841 | D:9      | Found a staircase to the Orcish Mines.
 11847 | D:9      | Reached skill level 5 in Conjurations
 11847 | D:9      | Reached skill level 5 in Hexes
 11847 | D:9      | Reached skill level 5 in Summonings
 11847 | D:9      | Reached skill level 5 in Necromancy
 11847 | D:9      | Reached skill level 5 in Translocations
 11847 | D:9      | Reached skill level 5 in Fire Magic
 11847 | D:9      | Reached skill level 5 in Ice Magic
 11847 | D:9      | Reached skill level 5 in Air Magic
 11847 | D:9      | Reached skill level 5 in Earth Magic
 11977 | D:9      | Found a stormy altar of Qazlal.
 12017 | D:9      | Found a roughly hewn altar of Beogh.
 12814 | D:9      | Noticed a two-headed ogre
 12822 | D:9      | Killed a two-headed ogre
 13437 | D:10     | Entered Level 10 of the Dungeon
 13561 | D:10     | Reached * piety under Ashenzari
 13760 | D:10     | Found a staircase to the Lair.
 14521 | D:5      | Identified Sif Muna's Volume of the Rocks
 14527 | D:5      | Learned a level 1 spell: Pain
 14663 | Orc:1    | Entered Level 1 of the Orcish Mines
 15056 | Orc:1    | Found Seissiox's Antique Armour Shop.
 15230 | Orc:1    | Found a roughly hewn altar of Beogh.
 15826 | Orc:1    | Noticed an orc warlord
 15958 | Orc:2    | Entered Level 2 of the Orcish Mines
 15971 | Orc:2    | Found a staircase to the Elven Halls.
 16246 | Orc:2    | Found a roughly hewn altar of Beogh.
 16448 | Orc:2    | Noticed an orc sorcerer
 16457 | Orc:2    | Killed an orc sorcerer
 16458 | Orc:2    | Reached XP level 12. HP: 48/89 MP: 18/24
 17544 | Orc:2    | Noticed an orc high priest
 17548 | Orc:2    | Killed an orc high priest
 17591 | Orc:2    | Noticed an orc high priest
 17598 | Orc:2    | Killed an orc high priest
 17735 | Orc:2    | Noticed an orc high priest
 17740 | Orc:2    | Killed an orc high priest
 17743 | Orc:2    | Found Naas's Assorted Antiques.
 17743 | Orc:2    | Found Wicy's General Store.
 17745 | Orc:2    | Found Ytzeregu's Assorted Antiques.
 17745 | Orc:2    | Found Askex's Armour Shoppe.
 18046 | Orc:2    | Bought a scroll of remove curse for 117 gold pieces
 18049 | Orc:2    | Bought the +4 robe of Augmentation {Str+4 Int+4 Dex+4} for
                  | 529 gold pieces
 18049 | Orc:2    | Found the +4 robe of Augmentation {Str+4 Int+4 Dex+4}
 18065 | Orc:2    | Bought a crystal war axe for 263 gold pieces
 18065 | Orc:2    | Identified the cursed +3 war axe of Watchfulness {protect,
                  | rC+ Str+3} (You bought it in a shop on level 2 of the
                  | Orcish Mines)
 18425 | Lair:1   | Entered Level 1 of the Lair of Beasts
 18994 | Lair:1   | Noticed a six-headed hydra
 19002 | Lair:1   | HP: 1/91 [seven-headed hydra (9)]
 19006 | Lair:1   | Killed a seven-headed hydra
 19597 | Lair:1   | Learned a level 2 spell: Searing Ray
 19602 | Lair:1   | Learned a level 4 spell: Fulminant Prism
 19606 | Lair:1   | Learned a level 3 spell: Dazzling Flash
 19612 | Lair:1   | Learned a level 5 spell: Agony
 19624 | Lair:1   | Reached ** piety under Ashenzari
 19649 | Lair:1   | Noticed an eight-headed hydra
 19652 | Lair:1   | Noticed a four-headed hydra
 19786 | D:11     | Reached XP level 13. HP: 98/98 MP: 9/26
 20728 | D:11     | Acquired the cursed amulet "Iwap" {Spirit *Contam rC++
                  | Dex+2 SInv}
 20741 | D:11     | Acquired the cursed +1 pair of boots of the Black Moon
                  | {rPois rF+ Will- Int+5}
 20756 | D:11     | Acquired 277 gold pieces
 21282 | D:12     | HP: 3/147 [11-headed hydra (6)]
 21284 | D:12     | Slain by a 12-headed hydra

Illustrated notes

Levels and vault maps discovered:
D:1:      ldierk_water_garden, layout_loops_ring
D:2:      layout_basic
D:3:      layout_loops_ring, kennysheep_okawaru_gauntlet, lemuel_doored_altar,
          st_stairs_10, uniq_crazy_yiuf_cottage
D:4:      layout_layer_cave, kennysheep_mini_moat, ebering_ghost_rock_garden
D:5:      layout_basic, led_sif_book, vehumet_altar_wand_db
D:6:      layout_basic, zin_academy, overflow_temple_1_default
D:7:      layout_gridville, minmay_temple_entry_overgrown
D:8:      layout_basic
D:9:      layout_layer_cave, nicolae_qazlal_style_of_elements,
          eat_drink_and_be_merry_uskayaw,
          kennysheep_orc_monster_closet_entryway, enter_bailey_8, special_room
          [special_room_orc], uniq_maurice
D:10:     layout_basic, lair_entry_dummy
D:11:     layout_loops_ring
D:12:     layout_roguey, uniq_rupert
Temple:   minmay_temple_curvy_branch
Lair:1:   layout_long_grid, grunt_forest_large_clearing_hut, grunt_megastairs_5,
          lemuel_fruit_tree
Orc:1:    layout_caves, basic_altar, serial_shops, nicolae_shop_statue_plus,
          nicolae_orc_pool_cavern, minmay_orc_barracks
Orc:2:    grunt_orc_tribal_feast, layout_caves, basic_altar

Skill      XL: |  1  2  3  4  5  6  7  8  9 10 11 12 13 |
---------------+----------------------------------------+-----
Transmutations | 2 3 4 5 6 7 |  7.1
Spellcasting   | 5 6 7 8 9 |  9.6
Invocations    | 1 2 3 4 5 6 7 8 |  8.9
Fighting       | 1 2 3 4 5 6 7 8 |  8.1
Short Blades   | 1 2 3 4 5 6 7 8 |  8.1
Long Blades    | 1 2 3 4 5 6 7 8 |  8.1
Axes           | 1 2 3 4 5 6 7 8 |  8.1
Maces & Flails | 1 2 3 4 5 6 7 8 |  8.1
Polearms       | 1 2 3 4 5 6 7 8 |  8.1
Staves         | 1 2 3 4 5 6 7 8 |  8.1
Slings         | 1 2 3 4 5 6 7 8 |  8.1
Bows           | 1 2 3 4 5 6 7 8 |  8.1
Crossbows      | 1 2 3 4 5 6 7 8 |  8.1
Throwing       | 1 2 3 4 5 6 7 8 |  8.1
Armour         | 1 2 3 4 5 6 7 8 |  8.1
Shields        | 1 2 3 4 5 6 7 8 |  8.1
Unarmed Combat | 1 2 3 4 5 6 7 8 |  8.1
Evocations     | 1 2 3 4 5 6 7 8 |  8.1
Conjurations   | 1 2 3 4 5 6 |  6.7
Hexes          | 1 2 3 4 5 6 |  6.7
Summonings     | 1 2 3 4 5 6 |  6.7
Necromancy     | 1 2 3 4 5 6 |  6.7
Translocations | 1 2 3 4 5 6 |  6.7
Fire Magic     | 1 2 3 4 5 6 |  6.7
Ice Magic      | 1 2 3 4 5 6 |  6.7
Air Magic      | 1 2 3 4 5 6 |  6.7
Earth Magic    | 1 2 3 4 5 6 |  6.7
Dodging        | 5 6 7 8 9 |  9.4
Stealth        | 5 6 7 8 9 |  9.2
Poison Magic   | 6 7 8 |  8.8

Action                   |  1- 3 |  4- 6 |  7- 9 | 10-12 | 13-15 || total
-------------------------+-------+-------+-------+-------+-------++-------
Melee: Unarmed           |    22 |       |       |       |       ||    22
       Bite              |     9 |     3 |    14 |    33 |    13 ||    72
       Dagger            |    72 |    21 |       |       |       ||    93
       Staff             |       |    20 |       |       |       ||    20
       Quarterstaff      |       |    25 |    32 |       |       ||    57
       Falchion          |       |       |   100 |   214 |       ||   314
       Punch             |       |       |     2 |    10 |     3 ||    15
       War axe           |       |       |       |    66 |    89 ||   155
 Cast: Sting             |    42 |    41 |    94 |   104 |    30 ||   311
       Olgreb's Toxic Ra |       |     5 |    22 |    76 |     9 ||   112
       Ignite Poison     |       |     2 |     9 |    29 |     1 ||    41
       Mephitic Cloud    |       |     1 |     2 |    12 |       ||    15
       Searing Ray       |       |       |       |     2 |     2 ||     4
       Fulminant Prism   |       |       |       |     2 |       ||     2
       Pain              |       |       |       |     1 |       ||     1
       Dazzling Flash    |       |       |       |       |     1 ||     1
Invok: Curse Item        |       |       |     1 |     1 |     1 ||     3
 Abil: Evoke Flight      |       |       |       |     1 |       ||     1
  Use: Scroll            |       |       |    13 |     8 |     7 ||    28
       Potion            |       |       |     6 |    10 |     2 ||    18
 Stab: Confused          |       |     1 |       |     2 |       ||     3
       Paralysed         |       |     1 |       |       |       ||     1
       Sleeping          |       |       |     1 |       |       ||     1
Armor: Robe              |    11 |     7 |    28 |    20 |    27 ||    93
       Skin              |       |       |       |    39 |    28 ||    67
       Troll leather arm |       |       |       |    32 |       ||    32
Dodge: Dodged            |    51 |    39 |    82 |   213 |    75 ||   460
Block: Other             |       |       |    23 |    74 |    12 ||   109
       Reflection        |       |       |     3 |       |       ||     3
       Kite shield       |       |       |       |       |    46 ||    46
       Rpst.: Falchion   |       |       |    19 |    35 |       ||    54
